 Dungeon Crawl Stone Soup version 0.18.1-50-g88ac8fd (webtiles) character file.

1419 nikopol the Chopper (level 8, 0/109 HPs)
             Began as a Minotaur Berserker on Oct 8, 2016.
             Was an Elder of Trog.
             Slain by Trampli's ghost (10 damage)
             ... on level 7 of the Dungeon.
             The game lasted 00:10:48 (6375 turns).

nikopol the Chopper (Minotaur Berserker)            Turns: 6375, Time: 00:10:48

Health: 0/109      AC: 13    Str: 28    XL:     8   Next: 43%
Magic:  7/7        EV: 11    Int:  4    God:    Trog [****..]
Gold:   479        SH:  0    Dex: 11    Spells: 0 memorised, 7 levels left

rFire  . . .     SeeInvis .     a - +2 hand axe (freeze)
rCold  . . .     Gourm    .     u - +0 chain mail
rNeg   . . .     Faith    .     (no shield)
rPois  .         Spirit   .     (helmet restricted)
rElec  .         Dismiss  .     w - +0 cloak
rCorr  .         Reflect  .     k - +0 pair of gloves
SustAt .         Harm     .     (no boots)
MR     .....                    (no amulet)
Stlth  ..........               (no ring)
                                (no ring)

@: berserking, very quick, not resistant to hostile enchantments, extremely
unstealthy
A: retaliatory headbutt, horns 2
a: Berserk, Trog's Hand, Brothers in Arms, Burn Spellbooks, Renounce Religion


You were on level 7 of the Dungeon.
You worshipped Trog.
Trog was greatly pleased with you.
You were not hungry.

You visited 1 branch of the dungeon, and saw 7 of its levels.

You collected 479 gold pieces.

Inventory:

Hand Weapons
 a - a +2 hand axe of freezing (weapon)
 B - a +0 hand axe
 D - a +0 war axe
Missiles
 o - 67 arrows (quivered)
Armour
 b - a +0 animal skin
 k - a +0 pair of gloves (worn)
 u - a +0 chain mail (worn)
 w - a +0 cloak (worn)
Wands
 H - a wand of lightning (10/15)
 I - a wand of confusion (14/48)
Scrolls
 d - 2 scrolls of recharging {unknown}
 g - 10 scrolls of identify {unknown}
 i - a scroll of fear {unknown}
 j - 5 scrolls of teleportation {unknown}
 p - a scroll of amnesia {unknown}
 q - 2 scrolls of noise {unknown}
 v - a scroll of immolation {unknown}
 y - 2 scrolls of enchant armour {unknown}
 A - 3 scrolls of remove curse {unknown}
 J - a scroll of enchant weapon {unknown}
Potions
 e - 2 potions of berserk rage {unknown}
 f - 5 potions of heal wounds {unknown}
 l - 2 potions of mutation {unknown}
 r - 2 potions of haste {unknown}
 s - a potion of brilliance {unknown}
 t - 2 potions of lignification {unknown}
 x - a potion of flight {unknown}
 z - a potion of ambrosia {unknown}
 E - a potion of invisibility {unknown}
 G - a potion of curing {unknown}
Books
 C - a Young Poisoner's Handbook

   Spells                             Type                      Level
   a - Sting                          Conjuration/Poison           1
   b - Cure Poison                    Poison                       2
   c - Mephitic Cloud                 Conjuration/Poison/Air       3
   d - Olgreb's Toxic Radiance        Poison                       4
   e - Venom Bolt                     Conjuration/Poison           5
   Trog disapproves of the use of such an item.
 F - a book of Fire

   Spells                             Type                      Level
   a - Ignite Poison                  Fire/Transmutation/Poison    3
   b - Fireball                       Conjuration/Fire             5
   c - Bolt of Fire                   Conjuration/Fire             6
   d - Delayed Fireball               Conjuration/Fire             7
   e - Ring of Flames                 Charms/Fire                  7
   Trog disapproves of the use of such an item.
Comestibles
 c - 2 bread rations
 h - 5 meat rations
 m - 12 fruits
 n - a beef jerky


   Skills:
 + Level 7.2 Fighting
 + Level 7.4 Axes
 + Level 6.7 Armour
 + Level 5.8 Dodging


You had 7 spell levels left.
You didn't know any spells.

Dungeon Overview and Level Annotations

Branches:
Dungeon (7/15)             Temple (0/1) D:4

Altars:
Fedhas
Nemelex Xobeh
Okawaru
Pakellas
Qazlal
Vehumet
Xom
The Shining One

Annotations:
D:7 Trampli's ghost, novice TrHu


Innate Abilities, Weirdness & Mutations

You reflexively headbutt those who attack you in melee.
You have a pair of horns on your head.


Message History

Trampli's ghost is moderately damaged.
You hit the kobold zombie. You hit the hobgoblin zombie.
You destroy the hobgoblin zombie!
Trampli's ghost hits you!!
* * * LOW HITPOINT WARNING * * *
The kobold zombie hits you.
* * * LOW HITPOINT WARNING * * *
The orc hits you but does no damage.
You are too injured to fight recklessly!
You are too injured to fight recklessly!
A red film seems to cover your vision as you go berserk!
You feel yourself moving faster!
You feel mighty!
You feel somewhat more hungry.
Trampli's ghost hits you but does no damage.
A kobold skeleton comes into view.
You slash Trampli's ghost! You freeze Trampli's ghost.
You headbutt Trampli's ghost!
Trampli's ghost is heavily damaged.
Trampli's ghost hits you!
You die...

#. #.#. #..#.#......# .
.##'.###..#.#.#.#### ..
#.....##..#.#.#.####
.##..Z..##..#.........
.Z.._..+...###.#...##
#..Z..##............
#.ZoZ..#..##......##
#W####..##......##
...###@##.#..##).[##.##
#.............###.......
#............(# #####.##
###..##.####### #.# ##.
#.# #.# . .$# #.# # ####


You could see Trampli's ghost, an orc, a goblin zombie, a hobgoblin zombie, 2
kobold zombies and a kobold skeleton.

Vanquished Creatures
  The ghost of Jawreze the Chiller, an amateur HuIE of Ru (D:3)
  Sigmund (D:6)
  An orc warrior (D:6)
  An ogre (D:4)
  A giant frog (D:6)
  A howler monkey (D:4)
  A jelly (D:6)
  Crazy Yiuf (D:4)
  2 hounds (D:6)
  2 orc priests (D:7)
  9 orc wizards
  6 worker ants
  Robin (D:2)
  5 gnolls (D:4)
  A howler monkey skeleton (D:5)
  5 adders
  A shadow imp (D:6)
  2 oozes (D:2)
  An adder zombie (D:6)
  4 worms
  3 giant geckos
  11 orcs
  A giant cockroach (D:3)
  17 goblins
  16 hobgoblins
  6 kobolds
  5 quokkas
  A ball python (D:1)
  6 bats
  5 giant newts
  2 goblin skeletons (D:7)
  2 hobgoblin zombies (D:7)
  A jackal skeleton (D:4)
  A quokka zombie (D:6)
  6 rats
  A butterfly (D:4)
131 creatures vanquished.

Notes
Turn   | Place    | Note
--------------------------------------------------------------
     0 | D:1      | nikopol the Minotaur Berserker began the quest for the Orb.
     0 | D:1      | Reached XP level 1. HP: 19/19 MP: 0/0
    28 | D:1      | Found a sparkling altar of Nemelex Xobeh.
   349 | D:1      | Reached XP level 2. HP: 21/27 MP: 1/1
   738 | D:2      | Found a stormy altar of Qazlal.
   738 | D:2      | Found a blossoming altar of Fedhas.
   955 | D:2      | Noticed Robin
   965 | D:2      | Reached ** piety under Trog
   968 | D:2      | Killed Robin
   968 | D:2      | Reached XP level 3. HP: 27/33 MP: 2/2
  1579 | D:2      | Reached XP level 4. HP: 40/40 MP: 3/3
  2042 | D:3      | Noticed Jawreze's ghost (amateur HuIE)
  2413 | D:3      | Killed Jawreze's ghost
  2413 | D:3      | Reached skill level 5 in Fighting
  2413 | D:3      | Reached skill level 5 in Axes
  2413 | D:3      | Reached XP level 5. HP: 48/48 MP: 4/4
  2413 | D:3      | Reached XP level 6. HP: 56/56 MP: 5/5
  2725 | D:3      | Reached *** piety under Trog
  3526 | D:4      | Found an oddly glowing altar of Pakellas.
  3563 | D:4      | Reached skill level 5 in Armour
  3573 | D:4      | Reached XP level 7. HP: 35/61 MP: 6/6
  3747 | D:4      | Found a radiant altar of Vehumet.
  4088 | D:4      | Found a staircase to the Ecumenical Temple.
  4298 | D:4      | Noticed Crazy Yiuf
  4308 | D:4      | Killed Crazy Yiuf
  4364 | D:4      | Found an iron altar of Okawaru.
  4504 | D:5      | Entered Level 5 of the Dungeon
  4575 | D:5      | Reached skill level 5 in Dodging
  5352 | D:6      | Noticed Sigmund
  5363 | D:6      | Killed Sigmund
  5363 | D:6      | Received a gift from Trog
  5363 | D:6      | Reached XP level 8. HP: 71/71 MP: 7/7
  5937 | D:6      | Reached **** piety under Trog
  5963 | D:6      | Found a shimmering altar of Xom.
  6363 | D:7      | Noticed Trampli's ghost (novice TrHu)
  6363 | D:7      | Found a glowing golden altar of the Shining One.
  6375 | D:7      | Slain by Trampli's ghost

Skill      XL: |  1  2  3  4  5  6  7  8 |
---------------+-------------------------+-----
Axes           | 4 5 6 7 |  7.4
Fighting       | 4 5 6 7 |  7.2
Armour         | 3 4 5 6 |  6.7
Dodging        | 3 4 5 |  5.8

Action                   |  1- 3 |  4- 6 |  7- 9 || total
-------------------------+-------+-------+-------++-------
Melee: Hand axe          |    83 |   101 |   152 ||   336
       Headbutt          |    10 |    22 |    29 ||    61
       War axe           |       |    20 |       ||    20
Invok: Berserk           |     1 |     1 |     2 ||     4
       Burn Spellbooks   |       |       |     1 ||     1
 Stab: Sleeping          |     1 |       |       ||     1
  Eat: Chunk             |     3 |     7 |     9 ||    19
       Beef jerky        |       |       |     1 ||     1
Armor: Animal skin       |    11 |     4 |       ||    15
       Chain mail        |       |    68 |    80 ||   148
Dodge: Dodged            |    47 |    65 |    69 ||   181
